Map: 카탈리스트 - 래더

Players

LiquidSnute (Snute)

  • Race: Zerg Zerg
  • League: Grandmaster
  • Spawn Location: 11:00

PartinG - Winner!

  • Race: Protoss Protoss
  • Spawn Location: 5:00

Event: HomeStory Cup XVII

VOD

Have the link to the VOD?

Description

Time

  • Played on: June 29, 2018, 5:30 p.m.
  • Length: 6:04

All games in this series

Show
View Real Time Build Order
Export as new Build Order

LiquidSnute Zerg 

Build Orders: Hatch First, Roach Nydus 

Get SALT Encoding   

  12  0:00  Drone  
  13  0:12  Overlord  
  13  0:17  Drone  
  14  0:30  Drone  
  15  0:44  Hatchery  
  15  0:48  Drone  
  15  0:52  Drone  
  15  0:55  Drone  
  17  0:59  Drone  
  18  1:06  Extractor  
  17  1:15  Spawning Pool  
  16  1:19  Drone  
  16  1:22  Drone  
  18  1:27  Extractor  
  18  1:31  Drone  
  18  1:43  Drone  
  19  1:53  Drone  
  21  2:02  Queen  
  21  2:03  Spore Crawler  
  21  2:04  Overlord  
  23  2:18  Roach Warren  
  22  2:24  Zergling x2  
  22  2:27  Overlord  
  23  2:40  Hatchery  
  24  2:48  Drone x2  
  26  2:57  Lair  
  26  2:58  Roach  
  26  3:09  Roach  
  26  3:12  Drone x3  
  31  3:19  Ravager  
  32  3:24  Overlord  
  32  3:37  Roach  
  34  3:43  Ravager  
  34  3:44  Spine Crawler  
  34  3:46  Roach x2  
  38  3:50  Roach  
  38  3:51  Roach  
  38  3:54  Roach  
  43  4:03  Nydus Network  
  43  4:06  Ravager  
  43  4:08  Queen  
  43  4:09  Spine Crawler  
  42  4:12  Ravager  
  42  4:15  Roach  
  45  4:20  Roach  
  45  4:30  Spine Crawler  
  44  4:34  Roach  
  46  4:44  Nydus Canal  
  46  5:07  Queen  
  46  5:10  Roach  
  46  5:18  Roach x2  
  43  5:23  Zergling x2  
  36  5:43  Roach  
Show
View Real Time Build Order
Export as new Build Order

PartinG Protoss - Winner!

Build Orders:  

Get SALT Encoding   

  12  0:00  Probe  
  13  0:12  Probe  
  14  0:20  Pylon  
  14  0:24  Probe  
  15  0:34  Probe  
  15  0:39  Gateway  
  15  0:42  Probe  
  17  0:52  Probe  
  17  0:56  Forge  
  18  1:14  Pylon  
  18  1:15  Pylon  
  18  1:16  Pylon  
  18  1:24  Pylon  
  18  1:33  Photon Cannon  
  18  1:43  Photon Cannon  
  18  1:52  Gateway  
  18  1:55  Probe  
  19  2:02  Assimilator  
  19  2:10  Cybernetics Core  
  19  2:15  Assimilator  
  19  2:18  Probe  
  20  2:24  Zealot  
  22  2:30  Probe  
  22  2:36  Stalker  
  23  2:42  Probe  
  24  2:47  Stalker  
  24  2:49  Shield Battery  
  28  3:01  Warp Gate  
  28  3:07  Stalker, Shield Battery  
  30  3:22  Probe  
  31  3:28  Stalker  
  33  3:37  Shield Battery  
  33  3:44  Stalker  
  35  3:57  Shield Battery  
  35  3:59  Shield Battery  
  35  4:06  Stalker  
  37  4:21  Shield Battery  
  37  4:25  Shield Battery  
  37  4:26  Shield Battery  
  37  4:40  Shield Battery  
  37  5:05  Stalker x2  
  37  5:29  Stalker  
  32  5:52  Stalker  
Tags
 
Add a new tag
Caveats
  • Supply blocks, unpowered buildings, or Contaminate may cause inaccurate times.
  • Supply counts are checked every 10 seconds.